 Dungeon Crawl Stone Soup version 0.30-a0-462-gd5975ef (webtiles) character file.

Game seed: 11213461932759088194

17220 Illumine the Covert (level 12, -6/69 HPs)
             Began as a Deep Elf Enchanter on Dec 15, 2022.
             Was a Priest of Sif Muna.
             Mangled by a manticore (18 damage)
             ... on level 3 of the Lair of Beasts.
             The game lasted 00:33:37 (14878 turns).

Illumine the Covert (Deep Elf Enchanter)           Turns: 14878, Time: 00:33:38

Health: -6/69      AC:  9    Str:  5    XL:     12   Next: 17%
Magic:  22/27      EV: 16    Int: 26    God:    Sif Muna [***...]
Gold:   840        SH:  0    Dex: 15    Spells: 14/30 levels left

rFire   . . .      SeeInvis .    P - +2 dagger (venom)
rCold   . . .      Faith    .    (no shield)
rNeg    . . .      Spirit   .    b - +0 robe
rPois   .          Reflect  .    x - +0 helmet
rElec   .          Harm     .    L - +1 cloak {Will+}
rCorr   .          Rampage  .    (no gloves)
Will    ++...                    (no boots)
Stlth   +++++.....               (no amulet)
HPRegen 0.31/turn                l - +4 ring of protection
MPRegen 0.20/turn                u - +4 ring of slaying

@: confusing by touch
A: no striking features
a: Renounce Religion, Channel Magic, Forget Spell


You were on level 3 of the Lair of Beasts.
You worshipped Sif Muna.
Sif Muna was most pleased with you.
You visited 4 branches of the dungeon, and saw 15 of its levels.
You also visited: Bailey.

You collected 840 gold pieces.

Inventory:

Hand Weapons
 P - a +2 dagger of venom (weapon)
Missiles
 M - 3 throwing nets (quivered)
Armour
 b - a +0 robe (worn)
 x - a +0 helmet (worn)
 L - a +1 cloak of willpower (worn)
Magical Staves
 n - a staff of poison
Jewellery
 a - a ring of positive energy
 l - a +4 ring of protection (left hand)
 u - a +4 ring of slaying (right hand)
 w - a ring of positive energy
 O - a +6 ring of strength
Wands
 i - a wand of charming (12)
 q - a wand of mindburst (28)
 r - a wand of polymorph (22)
 F - a wand of digging (5)
 K - a wand of iceblast (19)
 N - a wand of flame (7)
Scrolls
 h - 2 scrolls of immolation
 k - a scroll of teleportation
 m - 3 scrolls of fog
 o - a scroll of silence
 s - a scroll of enchant armour {unknown}
 v - 2 scrolls of magic mapping {unknown}
 y - a scroll of amnesia {unknown}
 z - a scroll of poison {unknown}
 A - 3 scrolls of vulnerability
 B - a scroll of fear {unknown}
 C - a scroll of torment {unknown}
 D - 2 scrolls of blinking {unknown}
Potions
 c - 2 potions of invisibility
 d - 5 potions of curing
 e - 4 potions of haste
 f - 3 potions of mutation
 g - 5 potions of might
 j - 2 potions of attraction
 p - a potion of flight
 t - a potion of berserk rage {unknown}
 E - a potion of lignification
 G - a potion of magic {unknown}
 H - 3 potions of resistance
 I - a potion of heal wounds {unknown}
 J - a potion of ambrosia


   Skills:
 + Level 5.7 Fighting
 + Level 8.6 Short Blades
 + Level 8.8 Dodging
 + Level 12.7 Stealth
 + Level 9.8 Spellcasting
 + Level 2.5 Conjurations
 + Level 10.2 Hexes
 + Level 5.0 Ice Magic
 + Level 2.4 Air Magic
 + Level 2.9 Invocations


You had 14 spell levels left.
You knew the following spells:

 Your Spells              Type           Power      Damage    Failure   Level
a - Ensorcelled Hibernat  Hex/Ice        100%       N/A       1%          2
b - Confusing Touch       Hex            60%        N/A       1%          3
c - Tukima's Dance        Hex            60%        N/A       1%          3
d - Lightning Bolt        Conj/Air       12%        1d26      43%         5
e - Frozen Ramparts       Ice            78%        1d12      1%          3

Your spell library contained the following spells:

 Spells                   Type           Power      Damage    Failure   Level
 Freeze                   Ice            100%       1d10      1%          1
 Dazzling Flash           Conj/Hex       90%        N/A       1%          3
 Static Discharge         Conj/Air       50%        2-5/arc   2%          2
 Hailstorm                Conj/Ice       32%        3d8       3%          3
 Vhi's Electric Charge    Tloc/Air       38%        N/A       9%          3
 Arcjolt                  Conj/Air       12%        1d22      43%         5


Dungeon Overview and Level Annotations

Branches:
Dungeon (10/15)            Temple (1/1) D:5            Lair (3/5) D:9
 Shoals (0/4) Lair:3        Snake (1/4) Lair:2       Bailey (visited)
    Orc: D:9-12

Altars:
Ashenzari
Cheibriados
Dithmenos
Gozag
Hepliaklqana
Kikubaaqudgha
Makhleb
Nemelex Xobeh
Okawaru
Qazlal
Sif Muna
Trog
Uskayaw
Wu Jian
Yredelemnul
Zin
The Shining One

Shops:
D:1 ?

Annotations:
D:3 1 runed translucent door, Wizard1ke's ghost, amateur DjEE
Snake:1 Nikola


Message History

You kill the bullfrog!
Sif Muna accepts your kill.
The wall freezes the komodo dragon!
The komodo dragon bites you!
* * * LOW HITPOINT WARNING * * *
The wall freezes the wind drake.
The wind drake exhales a fierce blast of wind!
The frozen ramparts melt away as you move.
You are blown backwards!
As you read the scroll of teleportation, it crumbles to dust.
You feel strangely unstable.
You carefully extract the barbed spikes from your body.
The komodo dragon is no longer moving slowly.
The wind drake exhales a fierce blast of wind!
You are blown backwards!
Your surroundings suddenly seem different.
A wyvern comes into view.
Found a plate armour.
You start resting.
Magic restored.
You start resting.
A manticore is nearby!
You start resting.
A manticore is nearby!
Cast which spell? (? or * to list)
Aiming: Ensorcelled Hibernation (safe; 1% risk of failure)
Press: ? - help, Shift-Dir - straight line, f - manticore
Aim: a manticore (wandering, hasn't noticed you, chance to affect: 54%)
The manticore looks drowsy...
The manticore misses you. x2; The manticore claws you.
You barely miss the manticore.
Casting: Ensorcelled Hibernation (safe; 1% risk of failure)
Confirm with . or Enter, or press ? or * to list all spells.
Your hands begin to glow red.
The manticore bites you!
* * * LOW HITPOINT WARNING * * *
The manticore completely misses you. The manticore claws you!
* * * LOW HITPOINT WARNING * * *
Unknown command.
Okay, then.
You barely miss the manticore. The manticore bites you!!
You die...

##### ## #.
#.#.##.####.#
..#.##....@.....[.
.......#.##H...P.#
.#.........#....
#....#..#..# ##.
#..#.#...#.... ##
+....#....P ....
#.l..........
....P.
#########.#+..
.^....## .......


You could see a manticore.

Vanquished Creatures
  Harold (D:9)
  Erica (Lair:2)
  3 elephants
  A black mamba (Lair:2)
  Maurice (D:8)
  3 cane toads (Lair:1)
  A yaktaur (shapeshifter) (D:8)
  2 komodo dragons
  2 trolls
  A polar bear (Lair:1)
  11 blink frogs
  2 hornets
  A shadow (D:9)
  A wyvern (D:7)
  A wraith (D:9)
  12 yaks
  A basilisk (Lair:2)
  A steam dragon (Lair:2)
  3 acid dragons
  4 water moccasins
  An orc warrior (D:10)
  An ice beast (D:6)
  A sky beast (D:8)
  5 black bears
  2 ogres
  13 wolves
  5 centaurs
  3 phantoms
  7 bullfrogs
  4 necrophages
  9 scorpions
  A gnoll sergeant (D:7)
  5 wights
  6 killer bees
  A howler monkey (D:8)
  2 hounds
  An orc priest (D:10)
  Crazy Yiuf (D:3)
  2 gnoll boudas
  Natasha (thrice) (D:3)
  5 iguanas
  10 orc wizards
  A hound skeleton (D:2)
  9 gnolls
  7 adders
  A shadow imp (D:6)
  An ufetubus (D:7)
  3 adder skeletons (D:2)
  2 dart slugs
  17 orcs
  7 ball pythons
  4 bats
  A bat zombie (D:2)
  6 endoplasms
  A giant cockroach (D:2)
  18 goblins
  10 hobgoblins
  A jackal (D:2)
  7 quokkas
  A ball python skeleton (D:2)
  A ball python zombie (D:2)
  2 frilled lizards
  12 kobolds
  A quokka skeleton (D:2)
  3 rats
257 creatures vanquished.

Vanquished Creatures (collateral kills)
  2 elephants (Lair:1)
  A blink frog (Lair:1)
  A water moccasin (D:9)
  A scorpion (D:9)
  4 killer bees (D:9)
  2 gnolls
  2 orcs (Bailey)
13 creatures vanquished.

Vanquished Creatures (others)
  2 dancing weapons
  51 fungi
  71 plants
  2 withered plants (D:3)
126 creatures vanquished.

Grand Total: 396 creatures vanquished

Notes
Turn   | Place    | Note
-------+----------+-------------------------------------------
     0 | D:1      | Illumine the Deep Elf Enchanter began the quest for the
                  | Orb.
     0 | D:1      | Reached XP level 1. HP: 10/10 MP: 6/6
   277 | D:1      | Found Fureqewk's Magic Scroll Emporium.
   298 | D:1      | Reached skill level 4 in Stealth
   302 | D:1      | Reached XP level 2. HP: 8/15 MP: 8/8
   305 | D:1      | Learned a level 2 spell: Ensorcelled Hibernation
  1372 | D:2      | Reached XP level 3. HP: 13/19 MP: 6/9
  1404 | D:2      | Learned a level 3 spell: Confusing Touch
  1408 | D:2      | Learned a level 3 spell: Tukima's Dance
  1472 | D:2      | Found a glowing golden altar of the Shining One.
  2078 | D:2      | Reached skill level 5 in Stealth
  2104 | D:2      | Reached XP level 4. HP: 24/24 MP: 10/10
  2443 | D:3      | Noticed Natasha
  2447 | D:3      | Killed Natasha
  2504 | D:3      | Noticed Natasha
  2511 | D:3      | Killed Natasha
  2594 | D:3      | Noticed a scorpion
  2605 | D:3      | Killed a scorpion
  2606 | D:3      | Reached skill level 6 in Stealth
  2606 | D:3      | Reached XP level 5. HP: 28/28 MP: 2/11
  2911 | D:3      | Noticed Natasha
  2928 | D:3      | Killed Natasha
  3036 | D:3      | Found a runed translucent door.
  3039 | D:3      | Reached skill level 7 in Stealth
  3060 | D:3      | Noticed Wizard1ke's ghost (amateur DjEE)
  3174 | D:3      | Reached XP level 6. HP: 32/32 MP: 9/12
  3385 | D:3      | Found a runed translucent door.
  3386 | D:3      | Noticed Crazy Yiuf
  3393 | D:3      | Killed Crazy Yiuf
  4151 | D:4      | Reached skill level 8 in Stealth
  4527 | D:4      | Reached XP level 7. HP: 36/36 MP: 9/13
  4947 | D:5      | Entered Level 5 of the Dungeon
  4989 | D:4      | Reached skill level 9 in Stealth
  5488 | D:5      | Reached skill level 5 in Short Blades
  5529 | D:5      | Found a staircase to the Ecumenical Temple.
  5547 | Temple   | Entered the Ecumenical Temple
  5668 | Temple   | Became a worshipper of Sif Muna the Loreminder
  5758 | D:5      | Reached skill level 1 in Fighting
  5911 | D:5      | Reached XP level 8. HP: 43/43 MP: 10/15
  6132 | D:5      | Found an iron altar of Okawaru.
  6137 | D:5      | Found a glowing silver altar of Zin.
  6268 | D:5      | Reached skill level 5 in Hexes
  6934 | D:6      | Reached skill level 5 in Spellcasting
  7332 | D:6      | Reached skill level 10 in Stealth
  7454 | D:6      | Reached XP level 9. HP: 34/49 MP: 17/19
  7536 | D:6      | Reached skill level 5 in Dodging
  7816 | D:6      | Found a burning altar of Makhleb.
  7816 | D:6      | Noticed a green death
  8494 | D:7      | Found a flagged portal.
  8500 | D:7      | Reached * piety under Sif Muna
  8532 | Bailey   | Entered a bailey
  9072 | D:8      | Noticed Psyche
  9073 | D:8      | Found an opulent altar of Gozag.
  9085 | D:8      | Noticed Psyche
  9086 | D:8      | Psyche the glowing shapeshifter changed into Psyche the eye
                  | of devastation
  9086 | D:8      | Noticed Psyche (glowing shapeshifter)
  9087 | D:8      | Psyche the eye of devastation changed into Psyche the
                  | meliai
  9087 | D:8      | Noticed Psyche (glowing shapeshifter)
  9090 | D:8      | Psyche the meliai changed into Psyche the yaktaur
  9090 | D:8      | Noticed Psyche (glowing shapeshifter)
  9096 | D:8      | Killed Psyche the yaktaur
  9097 | D:8      | Reached skill level 1 in Ice Magic
  9176 | D:8      | Reached XP level 10. HP: 56/56 MP: 22/22
  9405 | D:8      | Noticed Maurice
  9412 | D:8      | Killed Maurice
  9413 | D:8      | Reached skill level 11 in Stealth
  9569 | D:9      | Noticed Harold
 10005 | D:9      | Found a stormy altar of Qazlal.
 10114 | D:9      | Killed Harold
 10136 | D:9      | Reached ** piety under Sif Muna
 10329 | D:9      | Found a staircase to the Lair.
 10781 | D:10     | Entered Level 10 of the Dungeon
 11319 | D:10     | Reached XP level 11. HP: 62/62 MP: 20/25
 11383 | D:10     | Found a hide-covered altar of Uskayaw.
 11588 | D:10     | Found a faded altar of an unknown god.
 11588 | D:10     | Found a hazy altar of Hepliaklqana.
 11590 | D:10     | Found a faded altar of an unknown god.
 11973 | Lair:1   | Entered Level 1 of the Lair of Beasts
 12071 | D:9      | Reached skill level 5 in Fighting
 12218 | Lair:1   | Reached skill level 12 in Stealth
 12276 | Lair:1   | Reached skill level 1 in Invocations
 12439 | Lair:1   | Learned a level 5 spell: Lightning Bolt
 12443 | Lair:1   | Learned a level 3 spell: Frozen Ramparts
 12462 | Lair:1   | Found a gate leading to a gauntlet.
 12776 | Lair:1   | Reached skill level 1 in Conjurations
 12776 | Lair:1   | Reached skill level 1 in Air Magic
 13514 | Lair:2   | Reached *** piety under Sif Muna
 13671 | Lair:2   | Reached skill level 10 in Hexes
 13855 | Lair:2   | Reached XP level 12. HP: 67/68 MP: 25/27
 13860 | Lair:2   | Noticed Erica
 13890 | Lair:2   | Found a staircase to the Snake Pit.
 13909 | Lair:2   | Killed Erica
 13910 | Lair:2   | Reached skill level 5 in Ice Magic
 14580 | Snake:1  | Entered Level 1 of the Snake Pit
 14580 | Snake:1  | Noticed Nikola
 14580 | Snake:1  | Noticed a naga warrior
 14789 | Lair:3   | Found a staircase to the Shoals.
 14878 | Lair:3   | Mangled by a manticore

Illustrated notes

Levels and vault maps discovered:
D:1:      psy_arrival_radial02, layout_basic, serial_shops, shop
D:2:      layout_loops_ring, basic_altar, serial_undead, serial_undead_d,
          serial_undead_a, serial_undead_d, serial_undead_d,
          minmay_divided_ellipse
D:3:      layout_basic, gammafunk_ghost_grave, uniq_natasha,
          uniq_crazy_yiuf_cottage
D:4:      layout_basic, minmay_misc_feat_four_crosses
D:5:      layout_layer_cave, amethyst_overflow_temple_binary,
          minmay_temple_entry_mist, st_stairs_5
D:6:      layout_loops_ring, makhleb_altar_promises_db, minmay_alternating_orb
D:7:      layout_gridville, enter_bailey_3
D:8:      layout_rooms, grunt_gozag_breadcrumbs, uniq_maurice, uniq_psyche
D:9:      layout_loops_ring, nicolae_qazlal_general_emergency,
          due_lair_maze_entry_diamond, uniq_harold
D:10:     layout_stronghold, nicolae_hepliaklqana_ecumenical_no_more,
          mainiacjoe_overflow_surrounded_room
Temple:   regret_index_temple_generic_petals
Lair:1:   layout_regular_city, gauntlet_entry_generic
Lair:2:   layout_regular_city, dummy_snake_entry, chequers_serial_rivers_room_b,
          uniq_erica
Lair:3:   layout_roguey, minmay_shoals_entry_beasts, forest_entry_grove,
          grunt_megastairs_5, infiniplex_staircase_pool_2, serial_bayou_shore_a
Snake:1:  layout_rooms, serial_shops, shop, basic_altar, guppyfry_snake_island,
          lemuel_fruit_tree, uniq_nikola

Skill      XL: |  1  2  3  4  5  6  7  8  9 10 11 12 |
---------------+-------------------------------------+-----
Stealth        | 4 5 6 7 8 9 10 11 12 | 12.7
Short Blades   | 2 3 4 5 6 7 8 |  8.6
Dodging        | 3 4 6 7 8 |  8.8
Fighting       | 1 2 3 4 5 |  5.7
Spellcasting   | 5 7 8 9 |  9.8
Hexes          | 6 7 8 10 | 10.2
Ice Magic      | 1 3 4 5 |  5.0
Invocations    | 2 |  2.9
Conjurations   | 2 |  2.5
Air Magic      | 2 |  2.4

Action                   |  1- 3 |  4- 6 |  7- 9 | 10-12 || total
-------------------------+-------+-------+-------+-------++-------
Melee: Dagger            |   101 |   118 |   226 |   202 ||   647
       Punch             |       |     1 |     4 |     3 ||     8
 Cast: Ensorcelled Hiber |    31 |    41 |    83 |   102 ||   257
       Confusing Touch   |       |     6 |    13 |     8 ||    27
       Tukima's Dance    |       |     1 |     9 |     4 ||    14
       Frozen Ramparts   |       |       |       |    10 ||    10
  Use: Potion            |     1 |     1 |     2 |     4 ||     8
       Scroll            |       |     6 |     4 |    10 ||    20
 Stab: Sleeping          |    31 |    31 |    57 |    57 ||   176
       Invisible         |     1 |       |       |       ||     1
       Distracted        |     1 |     1 |     2 |       ||     4
       Confused          |       |     5 |    10 |     3 ||    18
Armor: Robe              |    16 |    32 |    79 |    63 ||   190
Dodge: Dodged            |    61 |    62 |   156 |   166 ||   445

Table legend: (Time is in decaauts)
 A = Elapsed time spent in this place.
 B = Non-inter-level travel time spent in this place.
 C = Inter-level travel time spent in this place.
 D = Time resting spent in this place.
 E = Time spent auto-exploring this place.
 F = Levels seen in this place.
 G = Mean time per level.
                   A        B        C        D        E       F      G
               +--------+--------+--------+--------+--------+-----+--------+
         Total |  14737 |  14249 |    488 |   3123 |   8133 |  16 |  921.1 |
       Dungeon |  11857 |  11523 |    334 |   2557 |   6516 |  10 | 1185.7 |
        Temple |    153 |    122 |     31 |      0 |     97 |   1 |  153.0 |
          Lair |   2675 |   2552 |    123 |    541 |   1519 |   3 |  891.7 |
     Snake Pit |      1 |      1 |      0 |      0 |      0 |   1 |    1.0 |
        Bailey |     48 |     48 |      0 |     25 |      0 |   1 |   48.0 |
               +--------+--------+--------+--------+--------+-----+--------+

Top non-repeatable levels by time:
     D:5: 1468 daAuts
     D:9: 1385 daAuts
     D:3: 1375 daAuts
     D:6: 1366 daAuts
     D:4: 1361 daAuts
  Lair:2: 1346 daAuts
     D:2: 1213 daAuts
  Lair:1: 1200 daAuts
     D:1: 1175 daAuts
    D:10: 1150 daAuts
     D:7: 705 daAuts
     D:8: 656 daAuts
  Temple: 153 daAuts
  Lair:3: 128 daAuts
  Bailey: 48 daAuts
